 Dungeon Crawl Stone Soup version 0.25-a0-1056-g2efb326896 (webtiles) character file.

Game seed: 13348782587104253710, levelgen mode: deterministic

70 kae the Chiller (level 4, -1/30 HPs)
             Began as a Merfolk Ice Elementalist on May 13, 2020.
             Slain by an orc (3 damage)
             ... on level 3 of the Dungeon.
             The game lasted 00:02:19 (1745 turns).

kae the Chiller (Merfolk Ice Elementalist)          Turns: 1745, Time: 00:02:20

Health: -1/30      AC:  2    Str:  9    XL:     4   Next: 21%
Magic:  4/7        EV: 12    Int: 14    God:
Gold:   123        SH:  4    Dex: 14    Spells: 7/8 levels left

rFire    . . .     SeeInvis .   d - +0 spear
rCold    . . .     Gourm    .   e - +0 buckler
rNeg     . . .     Faith    .   a - +0 robe
rPois    .         Spirit   .   (no helmet)
rElec    .         Reflect  .   (no cloak)
rCorr    .         Harm     .   (no gloves)
MR       .....                  (no boots)
Stlth    ++........             (no amulet)
HPRegen  0.10/turn              (no ring)
MPRegen  0.10/turn              (no ring)

@: lightly drained
A: change form in water, swift swim, stealthy swim
a: no special abilities


You were on level 3 of the Dungeon.
You were not hungry.

You visited 1 branch of the dungeon, and saw 4 of its levels.

You collected 123 gold pieces.

Inventory:

Hand Weapons
 d - a +0 spear (weapon)
Armour
 a - a +0 robe (worn)
 e - a +0 buckler (worn)
Scrolls
 g - a scroll of identify
Potions
 f - a potion of cancellation
 h - a potion of resistance
Comestibles
 c - 5 rations


   Skills:
 + Level 2.0(1.7) Polearms
 - Level 2.6(2.4) Dodging
 - Level 2.1(1.9) Stealth
 + Level 1.1(0.8) Shields
 + Level 2.5(2.2) Spellcasting
 * Level 5.3(5.0) Ice Magic


You had 7 spell levels left.
You knew the following spells:

 Your Spells              Type           Power        Failure   Level  Hunger
a - Freeze                Ice            ###.         4%          1    #......

Your spell library contained the following spells:

 Spells                   Type           Power        Failure   Level  Hunger
 Frozen Ramparts          Ice            ###...       13%         3    ###....
 Ozocubu's Armour         Chrm/Ice       #.......     36%         3    ###....
 Hailstorm                Conj/Ice       #.......     77%         4    #####..
 Summon Ice Beast         Ice/Summ       #.......     77%         4    #####..


Dungeon Overview and Level Annotations

Branches:
Dungeon (4/15)
 Temple: D:4-7

Altars:
Dithmenos
Nemelex Xobeh
Sif Muna
Trog

Annotations:
D:3 Sigmund
D:4 exclusions: ogre, orc and orc priest


Message History

You hit the orc.
You kill the orc!
The orc misses you. The rat bites you.
* * * LOW HITPOINT WARNING * * *
An orc comes into view.
The orc closely misses you. The rat bites you.
* * * LOW HITPOINT WARNING * * *
The orc wizard barely misses you.
You barely miss the orc wizard. The rat barely misses you.
The orc barely misses you.
The orc wizard hits you but does no damage.
Casting: Freeze (safe; 4% risk of failure)
Confirm with . or Enter, or press ? or * to list all spells.
Aiming: Freeze (safe; 4% risk of failure)
Press: ? - help, Shift-Dir - straight line, f - orc wizard
Aim: an orc wizard, wielding a +0 dagger and wearing a +0 robe You freeze the orc wizard.
The orc wizard is moderately wounded.
The rat barely misses you. The orc hits you.
You die...

...... ..(..
.... ...####
..... .o. #o#
####@####
##...or..##
#.........##
#......w....#
#....###.w..#
#...##y##...#
#....###....#
##....rw...##
#...._....#


You could see a moth of wrath, 3 worms, an orc wizard, 2 orcs and 2 rats.

Vanquished Creatures
  2 oozes (D:4)
  An adder skeleton (D:4)
  4 dart slugs
  A leopard gecko (D:1)
  2 orcs (D:3)
  5 bats
  2 giant cockroaches
  3 goblins
  9 hobgoblins
  4 kobolds (D:1)
  10 frilled lizards
  7 rats
50 creatures vanquished.

Notes
Turn   | Place    | Note
-------+----------+-------------------------------------------
     0 | D:1      | kae the Merfolk Ice Elementalist began the quest for the
                  | Orb.
     0 | D:1      | Reached XP level 1. HP: 13/13 MP: 3/3
   291 | D:1      | Reached XP level 2. HP: 19/19 MP: 3/5
   494 | D:1      | Reached skill level 1 in Polearms
   590 | D:1      | Reached XP level 3. HP: 23/24 MP: 2/6
   688 | D:1      | Reached skill level 5 in Ice Magic
  1590 | D:2      | Found a shimmering blue altar of Sif Muna.
  1590 | D:2      | Found a sparkling altar of Nemelex Xobeh.
  1591 | D:2      | Found a shadowy altar of Dithmenos.
  1613 | D:2      | You fall into a shaft and drop 2 floors!
  1614 | D:4      | Noticed an ogre
  1661 | D:4      | Reached skill level 1 in Shields
  1661 | D:4      | Reached XP level 4. HP: 30/30 MP: 7/7
  1728 | D:3      | Noticed Sigmund
  1733 | D:3      | Found a bloodstained altar of Trog.
  1734 | D:3      | Noticed a moth of wrath
  1745 | D:3      | Slain by an orc

Illustrated notes

Levels and vault maps discovered:
D:1:      psy_arrival_conway, layout_basic, minmay_lizard_pond
D:2:      layout_basic, kennysheep_vampire_church,
          gammafunk_temple_overflow_claw
D:3:      layout_basic, nicolae_gozag_cash_rules_everything_around_me, tgw_trog,
          first_ration, kennysheep_generic_room_8, uniq_sigmund
D:4:      layout_loops_corners, nicolae_tso_besieged_by_evil

Skill      XL: |  1  2  3  4 |
---------------+-------------+-----
Polearms       | 1 2 |  2.0
Ice Magic      | 5 |  5.3
Shields        | 1 |  1.1
Dodging        | |  2.6
Stealth        | |  2.1
Spellcasting   | |  2.5

Action                   |  1- 3 |  4- 6 || total
-------------------------+-------+-------++-------
Melee: Spear             |    52 |    16 ||    68
       Unarmed           |     2 |       ||     2
 Cast: Freeze            |    42 |     4 ||    46
  Use: Scroll            |     3 |     1 ||     4
 Stab: Sleeping          |     7 |     2 ||     9
  Eat: Chunk             |     3 |       ||     3
Armor: Robe              |     7 |     1 ||     8
Dodge: Dodged            |    32 |    18 ||    50
Block: Buckler           |     5 |     4 ||     9

Table legend:
 A = Non-vault XP
 B = Vault XP
 C = Vault XP percentage of total XP
 D = Non-vault monster count
 E = Vault monster count
 F = Vault count percentage of total count
                 A         B        C        D         E       F
            +---------+---------+-------+---------+---------+-------
      Total |      94 |       6 |   6.0 |      44 |       6 |  12.0
            +---------+---------+-------+---------+---------+-------
        D:1 |      54 |       6 |  10.0 |      31 |       6 |  16.2
        D:2 |      15 |       0 |   0.0 |       7 |       0 |   0.0
        D:3 |       7 |       0 |   0.0 |       3 |       0 |   0.0
        D:4 |      18 |       0 |   0.0 |       3 |       0 |   0.0
            +---------+---------+-------+---------+---------+-------
